 Dungeon Crawl Stone Soup version 0.30-a0-1124-g6e8f0f562f (webtiles) character file.

Game seed: 15807160393303711541

193298 Zonian the Brawler (level 18, -6/114 HPs)
             Began as a Vine Stalker Delver on Apr 23, 2023.
             Was a High Priest of Ashenzari.
             Mangled by a will-o-the-wisp (9 damage)
             ... on level 1 of the Swamp on Apr 24, 2023.
             The game lasted 01:30:06 (32632 turns).

Zonian the Brawler (Vine Stalker Delver)           Turns: 32632, Time: 01:30:12

Health: -6/114     AC: 23    Str: 25    XL:     18   Next: 26%
Magic:  0/33       EV: 12    Int:  8    God:    Ashenzari [*****.]
Gold:   1581       SH: 18    Dex: 18    Spells: 37/37 levels left

rFire   . .          .
                       - Unarmed
rCold   x . .        d - +2 kite shield of the Sublime Levity {AC+3, Self, Bglg} (curse)
rNeg    . . .        h - +7 chain mail "Gaze Upon Infinity" {rC- Str+4, Self, Alch} (curse)
rPois   .            z - +0 helmet "Clairvoyant Apathy" {Cun, Comp} (curse)
rElec   .            y - +0 cloak of the Unyielding Gaze {Fort, Alch} (curse)
rCorr   .            (no gloves)
SInv    +            t - +2 pair of boots of Ashenzari's Hedonism {Alch, Fort} (curse)
Will    ++...        X - amulet "Suspicion of Ashenzari" {Reflect SH+5, Elem, Melee} (curse)
Stlth   ++++         P - ring of Shadows {Umbra +Inv Stlth+, Self, Bglg} (curse)
HPRegen 1.19/turn    v - ring of Ashenzari's Oblivion {Slay+4, Fort, Alch} (curse)
MPRegen 0.23/turn

%: reflection, clarity, guardian spirit
@: corroded, wreathed by umbra
A: fangs 3, regeneration 1, magic shield, antimagic bite, no potion heal 2,
dopey 1
}: 1/15 runes: serpentine
a: Renounce Religion, Evoke Invisibility, Curse Item, Shatter the Chains


You were on level 1 of the Swamp.
You worshipped Ashenzari.
Ashenzari was extremely pleased with you.
You visited 6 branches of the dungeon, and saw 28 of its levels.
You visited the Abyss 1 time.
You also visited: Volcano.

You collected 2946 gold pieces.
You spent 1365 gold pieces at shops.

Inventory:

Missiles
 r - 4 curare-tipped darts
 D - 3 throwing nets
 G - 32 poisoned darts
 I - 21 boomerangs (quivered)
 M - 4 datura-tipped darts
 O - 11 javelins
Armour
 d - the cursed +2 kite shield of the Sublime Levity (worn) {AC+3, Self, Bglg}
   (You took it off a tengu warrior on level 15 of the Dungeon)

   It has a curse which improves the following skills: Introspection: Fighting
   and Spellcasting.
   Beguiling: Conjurations, Hexes and Translocations.
 h - the cursed +7 chain mail "Gaze Upon Infinity" (worn) {rC- Str+4, Self, Alch}
   (You found it on level 3 of the Dungeon)

   Str:       It affects your strength (+4).
   rC:        It makes you vulnerable to cold.
   It has a curse which improves the following skills: Introspection: Fighting
   and Spellcasting.
   Alchemy:   Poison Magic and Transmutations.
 s - the +8 ring mail of Haipt {Rampage rPois rN+}
   (You found it on level 3 of the Snake Pit)

   rPois:     It protects you from poison.
   rN:        It protects you from negative energy.
   Rampage:   It bestows one free step when moving towards enemies.
 t - the cursed +2 pair of boots of Ashenzari's Hedonism (worn) {Alch, Fort}
   (You found it on level 10 of the Dungeon)

   It has a curse which improves the following skills: Alchemy: Poison Magic and
   Transmutations.
   Fortitude: Armour and Shields.
 y - the cursed +0 cloak of the Unyielding Gaze (worn) {Fort, Alch}
   (You found it on level 2 of the Dungeon)

   It has a curse which improves the following skills: Fortitude: Armour and
   Shields.
   Alchemy:   Poison Magic and Transmutations.
 z - the cursed +0 helmet "Clairvoyant Apathy" (worn) {Cun, Comp}
   (You found it on level 2 of the Dungeon)

   It has a curse which improves the following skills: Cunning: Dodging and
   Stealth.
   Companions: Summonings and Necromancy.
 H - the +0 ring mail of Baaptun {rElec rF+ Regen+ Dex-4}
   (You found it on level 7 of the Dungeon)

   Dex:       It affects your dexterity (-4).
   rF:        It protects you from fire.
   rElec:     It insulates you from electricity.
   Regen:     It increases your rate of health regeneration.
 T - a +2 pair of gloves
Jewellery
 m - a ring of willpower
 v - the cursed ring of Ashenzari's Oblivion (right hand) {Slay+4, Fort, Alch}
   (You found it on level 3 of the Snake Pit)

   [ring of slaying]

   Slay:      It affects your accuracy & damage with ranged weapons and melee
   (+4).
   It has a curse which improves the following skills: Fortitude: Armour and
   Shields.
   Alchemy:   Poison Magic and Transmutations.
 C - a ring of fire
 F - a ring of flight
 P - the cursed ring of Shadows (left hand) {Umbra +Inv Stlth+, Self, Bglg}
   (You bought it in a shop on level 2 of the Snake Pit)

   [ring of stealth]

   Umbra:     It surrounds you with an aura of shadow, increasing your stealth
   and reducing the accuracy of all others within it.
   +Inv:      It lets you turn invisible.
   Stlth:     It makes you more stealthy.
   It has a curse which improves the following skills: Introspection: Fighting
   and Spellcasting.
   Beguiling: Conjurations, Hexes and Translocations.
 V - a +5 ring of evasion
 W - an amulet of the acrobat
 X - the cursed amulet "Suspicion of Ashenzari" (around neck) {Reflect SH+5, Elem, Melee}
   (You found it on level 13 of the Dungeon)

   [amulet of reflection]

   It reflects blocked missile attacks.
   SH:        It affects your SH (+5).
   It has a curse which improves the following skills: Elements: Fire Magic, Ice
   Magic, Air Magic and Earth Magic.
   Melee Combat: Short Blades, Long Blades, Axes, Maces & Flails, Polearms,
   Staves and Unarmed Combat.
 Y - a ring of magical power
Wands
 f - a wand of digging (1)
 l - a wand of flame (46)
 J - a wand of charming (19)
 K - a wand of acid (2)
 N - a wand of polymorph (6)
Scrolls
 b - 5 scrolls of fog
 i - a scroll of amnesia
 j - 3 scrolls of blinking
 k - 9 scrolls of poison
 q - 10 scrolls of teleportation
 u - 2 scrolls of magic mapping
 E - 2 scrolls of fear
 S - 2 scrolls of enchant weapon
 U - 2 scrolls of silence
 Z - a scroll of summoning
Potions
 a - 5 potions of invisibility
 e - 2 potions of haste
 g - a potion of lignification
 n - 6 potions of curing
 o - 2 potions of resistance
 p - 2 potions of brilliance
 w - 3 potions of might
 x - a potion of flight
 A - 5 potions of ambrosia
 B - 9 potions of mutation
 Q - 3 potions of magic
 R - a potion of cancellation
Miscellaneous
 L - a box of beasts


   Skills:
 + Level 16.6(20.6) Fighting
 - Level 12.0 Throwing
 - Level 4.6(8.5) Armour
 - Level 6.1(8.3) Dodging
 - Level 7.5(9.7) Stealth
 - Level 3.6(7.2) Shields
 - Level 17.3(19.2) Unarmed Combat
 - Level 6.1(10.2) Spellcasting
 - Level 12.0 Evocations


You had 37 spell levels left.
You didn't know any spells.
Your spell library contained the following spells:

 Spells                   Type           Power      Damage    Failure   Level
 Apportation              Tloc           8%         N/A       71%         1
 Magic Dart               Conj           16%        1d3       71%         1
 Shock                    Conj/Air       16%        1d4       73%         1
 Freeze                   Ice            16%        1d4       75%         1
 Necrotise                Necr           16%        1d4       75%         1
 Summon Small Mammal      Summ           16%        N/A       75%         1
 Wereblood                Tmut           5%         N/A       80%         2
 Passwall                 Tmut/Erth      3%         N/A       83%         2
 Lesser Beckoning         Tloc           8%         N/A       85%         2
 Call Imp                 Summ           8%         N/A       86%         2
 Ensorcelled Hibernation  Hex/Ice        8%         N/A       86%         2
 Sublimation of Blood     Necr           4%         N/A       86%         2
 Spider Form              Tmut/Pois      5%         N/A       95%         3
 Dazzling Flash           Conj/Hex       8%         N/A       97%         3
 Gell's Gravitas          Tloc           4%         N/A       97%         3
 Mephitic Cloud           Conj/Pois/Air  4%         N/A       97%         3
 Teleport Other           Tloc           4%         N/A       97%         3
 Volatile Blastmotes      Fire/Tloc      8%         2d10      97%         3
 Swiftness                Air            4%         N/A       98%         3
 Vampiric Draining        Necr           4%         2d6       98%         3
 Airstrike                Air            2%         2d(1-17)  100%        4
 Anguish                  Hex/Necr       2%         N/A       100%        4
 Animate Dead             Necr           4%         N/A       100%        4
 Iskenderun's Mystic Bla  Conj/Tloc      4%         2d3       100%        4
 Agony                    Necr           4%         N/A       100%        5
 Borgnjor's Vile Clutch   Necr/Erth      2%         N/A       100%        5
 Summon Forest            Summ/Tloc      2%         N/A       100%        5
 Death Channel            Necr           2%         N/A       100%        6
 Dispersal                Tloc           2%         N/A       100%        6
 Eringya's Noxious Bog    Tmut/Pois      2%         N/A       100%        6
 Starburst                Conj/Fire      2%         6d3       100%        6
 Haunt                    Necr/Summ      2%         N/A       100%        7
 Summon Hydra             Summ           2%         N/A       100%        7
 Infestation              Necr           2%         N/A       100%        8


Dungeon Overview and Level Annotations

Branches:
Dungeon (15/15)            Temple (1/1) D:6            Lair (5/5) D:9
  Swamp (1/4) Lair:3        Snake (4/4) Lair:2        Slime (0/5) Lair:4
    Orc (2/2) D:11            Elf (0/3) Orc:2        Vaults (0/5) D:14
 Depths (0/4) D:15        Volcano (visited)

Altars:
Ashenzari
Cheibriados
Dithmenos
Elyvilon
Fedhas
Gozag
Hepliaklqana
Kikubaaqudgha
Makhleb
Nemelex Xobeh
Okawaru
Qazlal
Ru
Sif Muna
Trog
Uskayaw
Vehumet
Wu Jian
Xom
Yredelemnul
Zin
The Shining One

Shops:
D:3 !   D:6 (   D:15 :   Orc:1 *   Orc:2 [*=((   Snake:2 (=[*

Annotations:
D:4 1 runed translucent door, Crazy Yiuf
D:7 1 runed translucent door, dufus's ghost, novice BaMo
Lair:3 exclusion: 4 oklob plants
Snake:3 2 runed translucent doors, Ties's ghost, journeyman SpEn


Innate Abilities, Weirdness & Mutations

You have razor-sharp teeth.
Your natural rate of healing is unusually fast.
When hurt, damage is shared between your health and your magic reserves.
Your bite disrupts and absorbs the magic of your enemies.
Potions cannot restore your health.
You are dopey. (Int -2)


Message History

The will-o-the-wisp engulfs you but does no damage.
You pummel the vampire mosquito!!
You destroy the vampire mosquito!
You block the vampire mosquito's attack.
You block the goliath frog's attack.
You block the vampire mosquito's attack.
The will-o-the-wisp gestures.
The will-o-the-wisp conjures some foxfire! 2 foxfires come into view.
You pummel the vampire mosquito!!
You destroy the vampire mosquito!
The foxfire hits you!! The foxfire hits you!
* * * LOW HITPOINT WARNING * * *
You block the goliath frog's attack.
You enter the shallow water.
Moving in this stuff is going to be slow.
Things that are here:
a +0 spear; a vampire mosquito corpse; a vampire mosquito corpse The will-o-the-wisp gestures.
The will-o-the-wisp conjures some foxfire!
The goliath frog hits you from afar.
* * * LOW HITPOINT WARNING * * *
You are splashed with acid!
* * * LOW HITPOINT WARNING * * *
The will-o-the-wisp gestures.
The will-o-the-wisp conjures some foxfire! 4 foxfires come into view.
As you read the scroll of fear, it crumbles to dust.
You assume a fearsome visage.
The foxfire is unaffected.
The goliath frog resists with almost no effort.
The goliath frog looks frightened!
The foxfire is unaffected. x3
The will-o-the-wisp is unaffected.
The foxfire hits you!
* * * LOW HITPOINT WARNING * * *
The foxfire hits you!
* * * LOW HITPOINT WARNING * * *
The foxfire hits you.
* * * LOW HITPOINT WARNING * * *
The goliath frog hits you but does no damage.
The will-o-the-wisp engulfs you!
You die...

...♣~~$♣**,,, ~ ** ,, *,
* ~~~..~~. ~,~~..
♣~....#,, , ~~§.~~~.,~ *
~..♣...~.~# , * ,
.~§....~~,,♣♣♣.♣~..~.?..♣
, , fy~§~~§.~
,♣~.......~~.~♣, ,,
.)~§~§~♣,~,*♣.~.~§~.§~~..
.~~~)..§♣♣♣♣♣~..~~~..~~§~
,
♣~.~~............§~...~~~
,, ,~
.~~~~.......~~~@§§...~§~~
.~~~~~...~~~~~§§v§~....~
~ ,~
.~~~~~...~§~~~F.§......~
~ ~ ~
♣...~~.♣.....~~~F♣♣..~~.~
~~, *
♣......♣~.....~~.♣♣♣♣♣♣♣.
, * ♣~.~~~.♣~....~~~..♣ *
.~~~~~~♣♣....~~....♣** *
**~ ~*
.~~~~.~♣~...~~......♣ *
,, .~~~.§..~...~~~~~.♣♣F~
, , , ,


You could see 2 goliath frogs and a will-o-the-wisp.

Vanquished Creatures
  Vashnia (Snake:4)
  A bone dragon (Abyss:2)
  Frances (D:13)
  A tentacled starspawn (Abyss:2)
  Gastronok (D:8)
  4 nagarajas
  An orc warlord (Orc:2)
  A very ugly thing (Abyss:2)
  A bunyip (Abyss:2)
  A shambling mangrove (Swamp:1)
  8 vault guards (D:14)
  6 hydras
  3 salamander tyrants (Snake:4)
  10 anacondas
  2 catoblepae
  An ogre mage (D:15)
  10 two-headed ogres
  6 centaur warriors
  11 death yaks
  2 tengu warriors
  3 orc high priests (Orc:2)
  5 boulder beetles
  3 alligators (Swamp:1)
  14 naga warriors
  A deep troll shaman (Lair:5)
  5 shock serpents
  13 naga sharpshooters
  Sonja (D:11)
  6 skeletal warriors
  4 salamander mystics (Snake:4)
  A shadow wraith (Abyss:2)
  A goliath frog (Swamp:1)
  A bog body (Swamp:1)
  7 naga ritualists
  2 wizards (D:15)
  A lindwurm (Lair:5)
  A necromancer (D:15)
  5 orc sorcerers
  A harpy (shapeshifter) (D:15)
  12 ugly things
  4 orc knights (Orc:2)
  4 mana vipers
  8 salamanders
  6 cyclopes
  An oklob plant (Lair:4)
  4 manticores
  2 will-o-the-wisps (Swamp:1)
  4 guardian serpents
  18 elephants
  38 black mambas
  A smoke demon (Abyss:2)
  A centaur zombie (D:15)
  15 naga magi
  A gargoyle (D:12)
  A centaur skeleton (D:15)
  2 unseen horrors (D:12)
  2 torpor snails
  A rime drake (shapeshifter) (D:13)
  10 cane toads
  A kobold demonologist (D:11)
  4 efreet
  3 rime drakes
  10 komodo dragons
  An ancient zyme (Abyss:2)
  6 trolls
  6 polar bears
  Prince Ribbit (D:7)
  7 hornets
  A tyrant leech (Swamp:1)
  16 blink frogs
  Sigmund (D:2)
  7 slime creatures
  A shadow (D:9)
  3 wraiths
  60 yaks
  2 vampires
  13 spriggans
  2 large abominations (Abyss:2)
  9 wyverns
  A small abomination (Abyss:2)
  Eustachio (D:5)
  A golden eye (Abyss:2)
  A hog (shapeshifter) (D:15)
  5 basilisks
  A golden eye (shapeshifter) (D:13)
  15 vampire mosquitoes
  4 swamp worms
  3 wargs (Orc:2)
  An acid dragon (D:11)
  49 nagas
  4 water moccasins
  A swamp drake (Swamp:1)
  35 orc warriors
  2 ice beasts
  4 black bears
  10 ogres
  A phantom (D:5)
  18 centaurs
  16 wolves
  3 kobold brigands
  Blork the orc (D:6)
  13 bullfrogs
  2 scorpions
  5 wights (D:6)
  4 killer bees (D:10)
  5 howler monkeys
  2 electric eels (D:3)
  4 hounds (D:5)
  3 jellies
  16 orc priests
  2 gnoll boudas
  Jessica (D:3)
  A boggart zombie (D:15)
  3 iguanas
  24 orc wizards
  11 gnolls
  21 adders
  3 shadow imps
  2 white imps
  2 ufetubi (D:5)
  3 worms (D:2)
  5 dart slugs
  95 orcs
  3 bats
  4 endoplasms
  5 giant cockroaches
  4 goblins
  6 hobgoblins
  4 jackals
  9 quokkas
  9 ball pythons
  2 frilled lizards
  21 kobolds
  5 rats
  A spectral orc (D:11)
  A starspawn tentacle (Abyss:2)
914 creatures vanquished.

Vanquished Creatures (collateral kills)
  A fire dragon (D:14)
  An anaconda (Snake:1)
  2 nagas (Snake:1)
4 creatures vanquished.

Vanquished Creatures (others)
  A spriggan druid (Swamp:1)
  A bloated husk (Swamp:1)
  A naga (Snake:4)
  A swamp worm (Swamp:1)
  An acid dragon (D:12)
  An orc warrior (Orc:1)
  12 foxfires (Swamp:1)
  64 fungi
  96 plants
  2 starspawn tentacles (Abyss:2)
  2 withered plants (D:7)
182 creatures vanquished.

Grand Total: 1100 creatures vanquished

Notes
Turn   | Place    | Note
-------+----------+-------------------------------------------
     0 | D:5      | Zonian the Vine Stalker Delver began the quest for the Orb.
     0 | D:5      | Reached XP level 1. HP: 11/11 MP: 2/2
    70 | D:5      | Noticed a howler monkey
    88 | D:5      | Killed a howler monkey
    89 | D:5      | Reached XP level 2. HP: 15/16 MP: 3/3
    89 | D:5      | Reached XP level 3. HP: 19/20 MP: 4/4
   152 | D:5      | HP: 1/20 [gnoll/+0 whip (7)]
   680 | D:4      | Gained mutation: Your natural rate of healing is unusually
                  | fast. [Vine Stalker growth]
   680 | D:4      | Reached XP level 4. HP: 17/24 MP: 1/5
   751 | D:4      | Noticed an earth elemental
   753 | D:4      | Found a stormy altar of Qazlal.
   755 | D:4      | Noticed a fire elemental
   755 | D:4      | Noticed an air elemental
   755 | D:4      | Noticed a water elemental
   787 | D:3      | Identified the +7 chain mail "Cusilath" {rC- Str+4}
   845 | D:3      | Found a glowing silver altar of Zin.
   898 | D:3      | Found a transporter.
   914 | D:3      | Reached skill level 3 in Unarmed Combat
   914 | D:3      | Found a transporter.
   950 | D:3      | Reached XP level 5. HP: 29/29 MP: 6/6
  1011 | D:3      | Found Giol's Distillery.
  1012 | D:3      | Noticed Jessica
  1024 | D:3      | Killed Jessica
  1047 | D:3      | Bought a potion of curing for 33 gold pieces
  1553 | D:1      | Reached XP level 6. HP: 33/33 MP: 7/7
  2195 | D:2      | Noticed Sigmund
  2352 | D:2      | Killed Sigmund
  2353 | D:2      | Reached skill level 4 in Unarmed Combat
  2619 | D:3      | Reached XP level 7. HP: 35/38 MP: 6/8
  2850 | D:3      | Found a faded altar of an unknown god.
  2860 | D:3      | Got Plato's Verses on Rime
  3074 | D:3      | Reached skill level 5 in Fighting
  3233 | D:4      | Reached skill level 5 in Unarmed Combat
  3293 | D:4      | Found a glowing golden altar of the Shining One.
  3423 | D:4      | Identified the +1 dagger "Diohoat" {pain, Will+ Str+6 Int-3
                  | Dex+4}
  3533 | D:4      | Found a runed translucent door.
  3534 | D:4      | Noticed Crazy Yiuf
  4147 | D:5      | Found an iron altar of Okawaru.
  4206 | D:5      | Noticed Eustachio
  4275 | D:5      | Killed Eustachio
  4276 | D:5      | Reached skill level 6 in Unarmed Combat
  4276 | D:5      | Gained mutation: You have razor-sharp teeth. [Vine Stalker
                  | growth]
  4276 | D:5      | Reached XP level 8. HP: 44/44 MP: 9/9
  4407 | D:5      | Found a shimmering altar of Xom.
  4408 | D:5      | Found a shimmering altar of Xom.
  4410 | D:5      | Found a shimmering altar of Xom.
  4410 | D:5      | Found a shimmering altar of Xom.
  4410 | D:5      | Found a shimmering altar of Xom.
  4592 | D:5      | Reached skill level 7 in Unarmed Combat
  4924 | D:6      | Reached XP level 9. HP: 50/50 MP: 10/10
  4957 | D:6      | Found Diesmipnarr's Antique Weapon Shoppe.
  4965 | D:6      | Noticed Blork the orc
  4980 | D:6      | Killed Blork the orc
  5024 | D:6      | Reached skill level 8 in Unarmed Combat
  5268 | D:6      | Found a staircase to the Ecumenical Temple.
  5291 | Temple   | Entered the Ecumenical Temple
  5317 | Temple   | Became a worshipper of Ashenzari the Shackled
  6251 | D:7      | Noticed Prince Ribbit
  6257 | D:7      | Killed Prince Ribbit
  6258 | D:7      | Reached skill level 1 in Shields
  6269 | D:7      | Found a runed translucent door.
  6270 | D:7      | Noticed dufus's ghost (novice BaMo)
  6423 | D:7      | Found a blossoming altar of Fedhas.
  6520 | D:7      | Identified the +0 ring mail of Baaptun {rElec rF+ Regen+
                  | Dex-4}
  6584 | D:7      | Reached skill level 9 in Unarmed Combat
  7098 | D:8      | Reached XP level 10. HP: 45/57 MP: 9/11
  7191 | D:8      | Noticed Gastronok
  7265 | D:8      | Killed Gastronok
  7266 | D:8      | Reached skill level 10 in Unarmed Combat
  7436 | D:8      | Reached * piety under Ashenzari
  7504 | D:8      | Reached skill level 10 in Fighting
  7753 | D:8      | Reached skill level 11 in Unarmed Combat
  7866 | D:9      | Reached XP level 11. HP: 51/64 MP: 12/12
  8136 | D:9      | Reached ** piety under Ashenzari
  8296 | D:9      | Found a staircase to the Lair.
  8498 | D:10     | Entered Level 10 of the Dungeon
  8498 | D:10     | Noticed a two-headed ogre
  8503 | D:10     | Killed a two-headed ogre
  8697 | D:10     | Reached skill level 1 in Throwing
  8697 | D:10     | Reached skill level 1 in Evocations
  8702 | D:10     | Reached skill level 1 in Armour
  8717 | D:10     | Found a shimmering blue altar of Sif Muna.
  8833 | D:10     | Noticed a boulder beetle
  8845 | D:10     | Killed a boulder beetle
  8881 | D:10     | Noticed a two-headed ogre
  8893 | D:10     | Killed a two-headed ogre
  9180 | Lair:1   | Entered Level 1 of the Lair of Beasts
  9265 | Lair:1   | Identified the +4 long sword of the Hidden Persimmons
                  | {freeze, Dex+4}
  9376 | Lair:1   | Reached *** piety under Ashenzari
  9400 | Lair:1   | Reached skill level 1 in Spellcasting
  9473 | Lair:1   | Reached XP level 12. HP: 70/70 MP: 16/18
  9634 | Lair:1   | Reached skill level 12 in Unarmed Combat
  9725 | Lair:1   | Noticed a boulder beetle
  9737 | Lair:1   | Killed a boulder beetle
 10127 | Lair:2   | Noticed a four-headed hydra
 10138 | Lair:2   | Killed a four-headed hydra
 10256 | Lair:2   | Noticed a death yak
 10260 | Lair:2   | Noticed a death yak
 10283 | Lair:2   | Noticed a death yak
 10289 | Lair:2   | Killed a death yak
 10303 | Lair:2   | Killed a death yak
 10304 | Lair:2   | Reached skill level 5 in Throwing
 10312 | Lair:2   | Killed a death yak
 10419 | Lair:2   | Noticed a five-headed hydra
 10451 | Lair:2   | Found a staircase to the Snake Pit.
 10489 | Lair:2   | Reached **** piety under Ashenzari
 10718 | Lair:2   | Found a frozen archway.
 10819 | Lair:2   | Killed a five-headed hydra
 11009 | Lair:3   | Reached XP level 13. HP: 77/79 MP: 22/22
 11402 | Lair:3   | Found a staircase to the Swamp.
 11922 | Lair:4   | Reached skill level 5 in Spellcasting
 12606 | Lair:4   | Found a staircase to the Slime Pits.
 12701 | Lair:4   | Reached skill level 5 in Dodging
 13404 | Lair:5   | Entered Level 5 of the Lair of Beasts
 13648 | Lair:4   | Reached XP level 14. HP: 86/86 MP: 27/27
 13662 | Lair:5   | Reached skill level 13 in Unarmed Combat
 13978 | Lair:5   | Found a dark tunnel.
 13991 | Lair:5   | Reached skill level 14 in Unarmed Combat
 14003 | Volcano  | Entered a volcano
 15565 | Lair:5   | Identified the +3 flail of Oloiqed {flame, rElec SInv
                  | Stlth+}
 16241 | Lair:5   | Found the +4 Cigotuvi's embrace {Corpsefed rMiasma Drain
                  | rN+}
 16829 | D:11     | Found a basalt altar of Yredelemnul.
 16949 | D:11     | Noticed Sonja
 16954 | D:11     | Killed Sonja
 17027 | D:11     | Reached ***** piety under Ashenzari
 17239 | D:11     | Found a staircase to the Orcish Mines.
 18031 | D:12     | Reached XP level 15. HP: 93/93 MP: 30/30
 18096 | D:12     | Reached skill level 5 in Evocations
 19123 | D:13     | Noticed Frances
 19131 | D:13     | Gained mutation: You are dopey. (Int -2) [a neqoxec]
 19137 | D:13     | Killed Frances
 20374 | D:14     | Found a gate to the Vaults.
 20899 | D:15     | Entered Level 15 of the Dungeon
 21212 | D:15     | Found a staircase to the Depths.
 21217 | D:15     | Reached skill level 15 in Unarmed Combat
 21404 | D:15     | Reached XP level 16. HP: 100/100 MP: 31/31
 22055 | D:15     | Found Dinuul's Self-Improvement Boutique.
 22449 | Orc:1    | Entered Level 1 of the Orcish Mines
 22999 | Orc:2    | Entered Level 2 of the Orcish Mines
 23088 | Orc:2    | Found Ladeosti's Jewellery Emporium.
 23093 | Orc:2    | Found a staircase to the Elven Halls.
 23117 | Orc:2    | Found Kytakkiw's Weapon Emporium.
 23146 | Orc:2    | Found Unnun's Antique Weapon Shop.
 23263 | Orc:2    | Found Mecs's Antique Armour Boutique.
 23324 | Orc:2    | Reached skill level 16 in Unarmed Combat
 23325 | Orc:2    | Found Kaxaghipt's General Store.
 23377 | Orc:2    | Bought a scroll of fog for 48 gold pieces
 23377 | Orc:2    | Bought 2 potions of ambrosia for 192 gold pieces
 24064 | Orc:1    | Found Saota's Superlative Supplies.
 24358 | Snake:1  | Entered Level 1 of the Snake Pit
 25254 | Snake:2  | Reached skill level 15 in Fighting
 25479 | Snake:2  | Found Enoudej's General Store.
 25480 | Snake:2  | Found Reur's Antique Armour Shoppe.
 25480 | Snake:2  | Found Qoiwk's Jewellery Emporium.
 25486 | Snake:2  | Found Zecw's Antique Weapon Emporium.
 25498 | Snake:2  | Bought a pair of glowing gloves for 300 gold pieces
 25523 | Snake:2  | Bought the ring of Shadows {Umbra +Inv Stlth+} for 680 gold
                  | pieces
 25523 | Snake:2  | Found the ring of Shadows {Umbra +Inv Stlth+}
 25533 | Snake:2  | Bought a scroll of enchant armour for 112 gold pieces
 25626 | Snake:2  | Reached skill level 17 in Unarmed Combat
 26104 | Snake:2  | Found a shimmering altar of Xom.
 26180 | Snake:2  | Reached XP level 17. HP: 108/108 MP: 33/33
 26302 | Snake:2  | Reached skill level 10 in Throwing
 26302 | Snake:2  | Reached skill level 10 in Evocations
 27361 | Snake:3  | Found a large runed translucent door.
 27361 | Snake:3  | Found a large runed translucent door.
 27362 | Snake:3  | Noticed Ties's ghost (journeyman SpEn)
 27375 | Snake:3  | Identified the +0 robe of Insurance {rC- rN+ Dex+3}
 27450 | Snake:3  | Identified the +8 ring mail of Haipt {Rampage rPois rN+}
 28381 | Snake:4  | Entered Level 4 of the Snake Pit
 30084 | Abyss:2  | Cast into level 2 of the Abyss (nagaraja)
 30108 | Abyss:2  | Noticed a bone dragon
 30113 | Abyss:2  | Found a corrupted altar of Lugonu.
 30173 | Abyss:2  | Killed a bone dragon
 30256 | Abyss:2  | Found a corrupted altar of Lugonu.
 30292 | Abyss:2  | Noticed a tentacled starspawn
 30302 | Abyss:2  | Killed a tentacled starspawn
 30367 | Abyss:2  | Noticed a tentacled starspawn
 30377 | Abyss:2  | Noticed a hellephant
 30380 | Abyss:2  | Noticed a tentacled starspawn
 30381 | Snake:4  | Escaped the Abyss
 31034 | Snake:4  | Noticed Vashnia
 31211 | Snake:4  | Killed Vashnia
 31212 | Snake:4  | Reached XP level 18. HP: 113/113 MP: 33/33
 31513 | Snake:4  | Got a serpentine rune of Zot
 31801 | Swamp:1  | Entered Level 1 of the Swamp
 31891 | Swamp:1  | Paralysed by a hornet for 3 turns
 32257 | Swamp:1  | Paralysed by a hornet for 3 turns
 32632 | Swamp:1  | HP: 5/114 [will-o-the-wisp/foxfire (11)]
 32632 | Swamp:1  | Mangled by a will-o-the-wisp

Illustrated notes

Levels and vault maps discovered:
D:1:      sevenhm_arrival_forest_fort_small_5, layout_basic,
          kennysheep_nondescript
D:2:      layout_basic, uniq_sigmund
D:3:      gammafunk_steamed_eel, layout_basic,
          mainiacjoe_overflow_surrounded_room, serial_shops, shop,
          portal_sewer_entry_f, shapermc_ecumenical_altar_rom_forum,
          uniq_jessica
D:4:      layout_gridville, nicolae_qazlal_style_of_elements,
          nicolae_overflow_crystal_walls, uniq_crazy_yiuf_cottage
D:5:      minmay_clustersquares, layout_basic, xom_redecorated,
          okawaru_metal_pillars_3, uniq_eustachio
D:6:      layout_layer_cave, minmay_temple_entry_sparse_star, serial_shops,
          shop, uniq_blork_the_orc
D:7:      layout_loops_ring, old_standard_altar, gammafunk_ghost_grave,
          uniq_prince_ribbit1
D:8:      layout_rooms, special_room [special_room_orc], uniq_gastronok
D:9:      layout_cave_pools, dpeg_oklobed_lair
D:10:     layout_cave_pools, mainiacjoe_overflow_catwalk, nzn_sisyphean_effort
D:11:     layout_stronghold, david_orc_4, yredelemnul_forgotten_temple_becter,
          uniq_sonja
D:12:     kb_forest_paths, layout_loops_corners
D:13:     layout_basic, uniq_frances
D:14:     layout_irregular_city, erik_vaults_2, minmay_splitting_lines
D:15:     grunt_enter_depths_magical_seal, layout_layer_cave,
          chequers_decorated_corner, nicolae_shop_self_help
Temple:   hellmonk_temple_of_storms
Lair:1:   layout_cellular_growth, grunt_megastairs_3, serial_bayou_shore_a
Lair:2:   layout_cave_shapes, guppyfry_snake_entry_garden,
          portal_ice_cave_entry_pillars_1, lemuel_fruit_tree
Lair:3:   layout_misc_corridors, minmay_swamp_entry_worms, dpeg_oklob_1
Lair:4:   minmay_lair_venomous_thicket, layout_loops_ring, slime_entry_1,
          st_stairs_12, beast_lair_carwin_9
Lair:5:   grunt_lair_end_beastmaster, layout_regular_city,
          nicolae_volcano_entry_hallway
Swamp:1:  layout_basic_swamp, evilmike_swamp_ruin_house_5, swamp_pool1
Snake:1:  layout_onion, drop_trap
Snake:2:  layout_chambers, basic_altar, minmay_shoptagon
Snake:3:  layout_rooms, serial_corexii_hall, corexii_hall_statues_deadend,
          chequers_hall_statues_y, ebering_ghost_disaster_area,
          statue_in_the_mist_lemuel, grunt_ministairs_15
Snake:4:  johnstein_snake_rune_scales, layout_layer_cave
Orc:1:    layout_diamond_mine, basic_altar, nicolae_alphabet_shops
Orc:2:    grunt_orc_gardens, layout_caves, grunt_orc_garden, grunt_orc_garden,
          grunt_orc_garden, grunt_orc_garden, serial_shops,
          nicolae_diamond_shop, abandoned_shop

Skill      XL: |  1  2  3  4  5  6  7  8  9 10 11 12 13 14 15 16 17 18 |
---------------+-------------------------------------------------------+-----
Fighting       | 3 4 6 7 8 10 11 12 13 15 16 | 16.6
Unarmed Combat | 3 4 6 7 9 11 12 14 15 17 | 17.3
Stealth        | 7 |  7.5
Shields        | 3 |  3.6
Dodging        | 3 6 |  6.1
Throwing       | 2 6 9 12 | 12.0
Evocations     | 2 4 9 12 | 12.0
Armour         | 2 4 |  4.6
Spellcasting   | 3 4 6 |  6.1

Action                     |  1- 3 |  4- 6 |  7- 9 | 10-12 | 13-15 | 16-18 || total
---------------------------+-------+-------+-------+-------+-------+-------++-------
  Melee: Unarmed           |    27 |   133 |   439 |   608 |  1091 |  1004 ||  3302
         Bite              |     8 |    51 |   137 |   249 |   479 |   377 ||  1301
         Punch             |     2 |       |       |       |       |       ||     2
  Throw: Throwing net      |       |     1 |     2 |     2 |       |       ||     5
         Dart              |       |       |     6 |    58 |    58 |    22 ||   144
         Boomerang         |       |       |       |       |     1 |    30 ||    31
 Invoke: Curse Item        |       |       |     1 |     5 |     3 |     3 ||    12
         Shatter the Chain |       |       |       |       |     1 |     3 ||     4
  Evoke: Wand              |       |     3 |     8 |     5 |     7 |    17 ||    40
         Box of beasts     |       |       |       |       |     2 |     1 ||     3
    Use: Scroll            |     3 |       |     4 |     7 |     4 |     7 ||    25
         Potion            |       |       |       |     1 |     2 |     6 ||     9
   Stab: Sleeping          |       |       |       |     2 |     4 |    18 ||    24
         Held in net/web   |       |       |       |     4 |       |       ||     4
         Distracted        |       |       |       |       |       |     3 ||     3
         Confused          |       |       |       |       |       |     1 ||     1
 Armour: Leather armour    |     2 |       |       |       |       |       ||     2
         Chain mail        |       |    76 |   294 |   190 |   503 |   332 ||  1395
  Dodge: Dodged            |    11 |    56 |   206 |   158 |   417 |   277 ||  1125
  Block: Buckler           |       |    18 |    86 |   195 |   492 |    50 ||   841
         Reflection        |       |       |       |       |    16 |    96 ||   112
         Kite shield       |       |       |       |       |       |   741 ||   741

Table legend: (Time is in decaauts)
 A = Elapsed time spent in this place.
 B = Non-inter-level travel time spent in this place.
 C = Inter-level travel time spent in this place.
 D = Time resting spent in this place.
 E = Time spent auto-exploring this place.
 F = Levels seen in this place.
 G = Mean time per level.
                   A        B        C        D        E       F      G
               +--------+--------+--------+--------+--------+-----+--------+
         Total |  31964 |  30114 |   1850 |   6568 |  15498 |  30 | 1065.5 |
       Dungeon |  15284 |  13968 |   1316 |   1074 |   9104 |  15 | 1018.9 |
        Temple |     48 |     26 |     22 |      0 |     11 |   1 |   48.0 |
          Lair |   6527 |   6234 |    293 |   1651 |   2718 |   5 | 1305.4 |
         Swamp |    262 |    262 |      0 |      0 |     66 |   1 |  262.0 |
     Snake Pit |   6761 |   6622 |    139 |   2303 |   2785 |   4 | 1690.2 |
  Orcish Mines |   1292 |   1215 |     77 |     90 |    718 |   2 |  646.0 |
         Abyss |    286 |    286 |      0 |     47 |     95 |   1 |  286.0 |
       Volcano |   1500 |   1500 |      0 |   1402 |      0 |   1 | 1500.0 |
               +--------+--------+--------+--------+--------+-----+--------+

Top non-repeatable levels by time:
 Snake:4: 2972 daAuts
 Snake:2: 1971 daAuts
  Lair:4: 1828 daAuts
    D:12: 1701 daAuts
 Volcano: 1500 daAuts
  Lair:3: 1479 daAuts
     D:5: 1464 daAuts
     D:6: 1391 daAuts
    D:15: 1314 daAuts
  Lair:5: 1143 daAuts
 Snake:3: 1141 daAuts
    D:11: 1138 daAuts
  Lair:2: 1131 daAuts
    D:13: 1089 daAuts
     D:2: 992 daAuts
